[ AOE2 MATCH · #482997776 ]
UnrankedBohemians vs Chinese
[ REPLAY ANALYSIS · EXTRACTED FROM THE RECORDED GAME ]
Feudal
13:38
Castle
17:33
Imperial
30:17
| APM avg | 23.8 |
| APM peak | 50 |
| eAPM avg | 17.0 |
| Villagers / military | 166 / 165 |
Focus
⚔️ 22.8% · 🌾 77.2%
Spearman ×132 · Trade Cart ×19 · Scorpion ×18 · Bombard Cannon ×14 · Monk ×1
Feudal
14:38
Castle
19:37
Imperial
35:10
| APM avg | 48.0 |
| APM peak | 113 |
| eAPM avg | 28.0 |
| Villagers / military | 150 / 468 |
Focus
⚔️ 17.3% · 🌾 82.7%
Skirmisher ×285 · Knight ×76 · Scorpion ×60 · Scout Cavalry ×40 · Trade Cart ×11 · Chu Ko Nu ×5
Feudal
13:34
Castle
17:14
Imperial
32:48
| APM avg | 30.6 |
| APM peak | 74 |
| eAPM avg | 18.4 |
| Villagers / military | 200 / 480 |
Focus
⚔️ 32.8% · 🌾 67.2%
Spearman ×345 · Hand Cannoneer ×115 · Bombard Cannon ×17 · Mangonel ×2 · Monk ×1
Feudal
—
Castle
—
Imperial
—
| APM avg | 13.1 |
| APM peak | 71 |
| eAPM avg | 5.3 |
| Villagers / military | 32 / 53 |
Focus
⚔️ 29.2% · 🌾 70.8%
Teutonic Knight ×34 · Militia ×6 · Cavalry Archer ×5 · Trade Cart ×4 · Knight ×3 · Spearman ×2
Feudal
13:56
Castle
19:44
Imperial
33:38
| APM avg | 21.7 |
| APM peak | 210 |
| eAPM avg | 15.1 |
| Villagers / military | 101 / 187 |
Focus
⚔️ 15.8% · 🌾 84.2%
Throwing Axeman ×185 · Knight ×2
Feudal
15:34
Castle
—
Imperial
—
| APM avg | 6.1 |
| APM peak | 39 |
| eAPM avg | 3.6 |
| Villagers / military | 37 / 0 |
Focus
⚔️ 9.0% · 🌾 91.0%
Trade Cart ×1
Feudal
—
Castle
—
Imperial
—
| APM avg | 26.6 |
| APM peak | 570 |
| eAPM avg | 23.4 |
| Villagers / military | 133 / 64 |
Focus
⚔️ 20.7% · 🌾 79.3%
Knight ×21 · War Elephant ×18 · Trade Cart ×14 · Spearman ×11 · Mangonel ×6 · Scorpion ×6
Feudal
14:12
Castle
18:43
Imperial
38:15
| APM avg | 22.5 |
| APM peak | 54 |
| eAPM avg | 18.9 |
| Villagers / military | 393 / 140 |
Focus
⚔️ 19.3% · 🌾 80.7%
Scorpion ×129 · Trade Cart ×58 · Mangonel ×6 · Trebuchet (Packed) ×4 · Monk ×1
Match map
Initial resources + every placement click. Lines = walls · curves = elevation contours. ◆ gold · ⬟ stone · ● berries · ✦ relic · ◌ wall gap
Your base· ✓ Closed at 17:33 · 41t walls · no gate
鸿图小霸王's base· Open — opponent sealed themselves in
派大星's base· ✓ Closed at 17:14 · 0t walls · no gate
Vrazea's base· Open — opponent sealed themselves in
Danke Bandung's base· Open — opponent sealed themselves in
King's base· ✓ Closed at 18:18 · 103t walls · no gate
Komiendodetubok's base· Open — opponent sealed themselves in
ae016's base· ✓ Closed at 18:43 · 1t walls · no gate
Smoothed initial terrain · ◌ = detected wall gap · hover for details
Inputs per minute
— Canberramilk offical - - 鸿图小霸王
Build order — Canberramilk offical
First 150 of 472 actions detected
| 0:01 | Create | Villager (Male) |
| 0:03 | Build | House |
| 0:04 | Build | House |
| 0:06 | Research | Loom |
| 0:07 | Create | Villager (Male) |
| 0:07 | Create | Villager (Male) |
| 0:07 | Create | Villager (Male) |
| 1:44 | Build | Palisade Wall |
| 1:46 | Build | Palisade Wall |
| 1:50 | Create | Villager (Male) |
| 1:50 | Create | Villager (Male) |
| 2:04 | Build | Palisade Wall |
| 2:28 | Create | Villager (Male) |
| 2:28 | Create | Villager (Male) |
| 2:47 | Create | Villager (Male) |
| 2:47 | Create | Villager (Male) |
| 2:55 | Build | Palisade Wall |
| 3:21 | Create | Villager (Male) |
| 3:21 | Create | Villager (Male) |
| 3:38 | Create | Villager (Male) |
| 3:39 | Create | Villager (Male) |
| 3:51 | Build | House |
| 4:10 | Create | Villager (Male) |
| 4:11 | Create | Villager (Male) |
| 4:26 | Build | Palisade Wall |
| 4:33 | Create | Villager (Male) |
| 4:33 | Create | Villager (Male) |
| 4:39 | Build | Palisade Wall |
| 4:45 | Build | Palisade Wall |
| 4:56 | Create | Villager (Male) |
| 4:56 | Create | Villager (Male) |
| 6:01 | Create | Villager (Male) |
| 6:01 | Create | Villager (Male) |
| 6:10 | Build | Lumber Camp |
| 6:25 | Create | Villager (Male) |
| 6:25 | Create | Villager (Male) |
| 6:44 | Create | Villager (Male) |
| 7:09 | Create | Villager (Male) |
| 7:09 | Create | Villager (Male) |
| 7:20 | Create | Villager (Male) |
| 7:20 | Create | Villager (Male) |
| 7:30 | Build | House |
| 7:47 | Create | Villager (Male) |
| 7:48 | Create | Villager (Male) |
| 8:17 | Build | Mill |
| 8:24 | Create | Villager (Male) |
| 8:24 | Create | Villager (Male) |
| 8:35 | Build | House |
| 8:39 | Create | Villager (Male) |
| 8:39 | Create | Villager (Male) |
| 8:39 | Create | Villager (Male) |
| 8:40 | Create | Villager (Male) |
| 9:23 | Create | Villager (Male) |
| 9:46 | Build | Mining Camp |
| 10:33 | Create | Villager (Male) |
| 10:54 | Create | Villager (Male) |
| 11:18 | Build | House |
| 11:28 | Research | Feudal Age |
| 11:29 | Research | Feudal Age |
| 11:38 | Create | Villager (Male) |
| 11:39 | Create | Villager (Male) |
| 11:42 | Build | Farm |
| 12:19 | Build | Farm |
| 12:32 | Build | Farm |
| 13:05 | Build | Farm |
| 13:38 | Age | Feudal Age |
| 13:45 | Build | Market |
| 13:48 | Build | Blacksmith |
| 13:53 | Create | Villager (Male) |
| 14:09 | Research | Double-Bit Axe |
| 14:21 | Build | House |
| 14:35 | Build | Farm |
| 14:42 | Research | Castle Age |
| 15:16 | Build | Palisade Wall |
| 15:21 | Build | Palisade Wall |
| 15:29 | Research | Horse Collar |
| 17:33 | Age | Castle Age |
| 17:34 | Research | Bow Saw |
| 17:34 | Research | Bow Saw |
| 17:35 | Create | Villager (Male) |
| 17:35 | Create | Villager (Male) |
| 17:38 | Build | Town Center |
| 17:40 | Build | Town Center |
| 17:48 | Build | Monastery |
| 17:54 | Create | Villager (Male) |
| 18:08 | Build | Farm |
| 18:14 | Build | Farm |
| 18:16 | Build | Farm |
| 18:19 | Create | Villager (Male) |
| 18:37 | Research | Fervor |
| 18:42 | Create | Monk |
| 18:47 | Create | Villager (Male) |
| 18:53 | Build | Farm |
| 18:54 | Create | Villager (Male) |
| 18:54 | Create | Villager (Male) |
| 19:09 | Build | Palisade Gate |
| 19:11 | Create | Villager (Male) |
| 19:11 | Create | Villager (Male) |
| 19:19 | Build | Farm |
| 19:20 | Build | Farm |
| 19:22 | Build | Farm |
| 19:24 | Build | Farm |
| 19:27 | Create | Villager (Male) |
| 19:27 | Create | Villager (Male) |
| 19:28 | Create | Villager (Male) |
| 19:42 | Create | Villager (Male) |
| 19:43 | Create | Villager (Male) |
| 19:44 | Create | Villager (Male) |
| 20:02 | Build | House |
| 20:03 | Build | House |
| 20:03 | Build | House |
| 20:05 | Create | Villager (Male) |
| 20:05 | Create | Villager (Male) |
| 20:06 | Create | Villager (Male) |
| 20:09 | Build | Farm |
| 20:11 | Build | Farm |
| 20:11 | Build | Farm |
| 20:12 | Build | Farm |
| 20:12 | Build | Farm |
| 20:43 | Create | Villager (Male) |
| 20:43 | Create | Villager (Male) |
| 20:44 | Create | Villager (Male) |
| 20:58 | Build | Farm |
| 21:10 | Build | Mill |
| 21:11 | Build | Farm |
| 21:12 | Build | Farm |
| 21:12 | Build | Farm |
| 21:14 | Build | Farm |
| 21:21 | Create | Villager (Male) |
| 21:21 | Create | Villager (Male) |
| 21:22 | Create | Villager (Male) |
| 21:24 | Build | Farm |
| 21:24 | Build | Farm |
| 21:24 | Build | Farm |
| 21:25 | Build | Farm |
| 21:27 | Build | House |
| 21:29 | Build | Farm |
| 21:33 | Create | Villager (Male) |
| 21:33 | Create | Villager (Male) |
| 21:47 | Create | Villager (Male) |
| 21:47 | Create | Villager (Male) |
| 21:48 | Create | Villager (Male) |
| 21:51 | Build | Farm |
| 22:02 | Build | Farm |
| 22:17 | Create | Villager (Male) |
| 22:18 | Create | Villager (Male) |
| 22:19 | Create | Villager (Male) |
| 22:20 | Research | Heavy Plow |
| 22:21 | Build | Farm |
| 22:36 | Create | Villager (Male) |
Build order — 鸿图小霸王
First 150 of 458 actions detected
| 0:10 | Research | Loom |
| 1:22 | Create | Villager (Male) |
| 1:22 | Create | Villager (Male) |
| 2:00 | Create | Villager (Male) |
| 2:26 | Create | Villager (Male) |
| 2:26 | Create | Villager (Male) |
| 2:40 | Build | Palisade Wall |
| 3:14 | Create | Villager (Male) |
| 3:14 | Create | Villager (Male) |
| 3:49 | Create | Villager (Male) |
| 4:17 | Create | Villager (Male) |
| 4:17 | Create | Villager (Male) |
| 5:09 | Create | Villager (Male) |
| 5:10 | Create | Villager (Male) |
| 5:14 | Build | House |
| 5:29 | Create | Villager (Male) |
| 5:29 | Create | Villager (Male) |
| 5:44 | Create | Villager (Male) |
| 6:17 | Create | Villager (Male) |
| 6:17 | Create | Villager (Male) |
| 7:19 | Create | Villager (Male) |
| 8:37 | Build | Mill |
| 8:50 | Build | Lumber Camp |
| 9:02 | Build | Palisade Wall |
| 9:21 | Create | Villager (Male) |
| 9:28 | Build | House |
| 10:02 | Create | Villager (Male) |
| 10:25 | Create | Villager (Male) |
| 10:43 | Create | Villager (Male) |
| 11:17 | Build | Mill |
| 11:30 | Create | Villager (Male) |
| 11:59 | Create | Villager (Male) |
| 12:28 | Research | Feudal Age |
| 12:41 | Build | Mining Camp |
| 12:49 | Build | Mining Camp |
| 13:04 | Build | Farm |
| 13:05 | Build | Farm |
| 13:44 | Build | House |
| 14:38 | Age | Feudal Age |
| 14:49 | Build | Market |
| 14:50 | Create | Villager (Male) |
| 15:12 | Create | Villager (Male) |
| 15:46 | Create | Villager (Male) |
| 16:14 | Build | Blacksmith |
| 16:21 | Build | Farm |
| 16:25 | Build | Farm |
| 16:28 | Create | Villager (Male) |
| 16:48 | Research | Double-Bit Axe |
| 16:57 | Research | Castle Age |
| 17:05 | Build | House |
| 17:06 | Build | House |
| 17:07 | Build | House |
| 17:45 | Build | Mining Camp |
| 17:56 | Research | Horse Collar |
| 19:05 | Build | Farm |
| 19:06 | Build | Farm |
| 19:37 | Age | Castle Age |
| 19:39 | Create | Villager (Male) |
| 19:48 | Build | Town Center |
| 19:51 | Create | Villager (Male) |
| 19:59 | Create | Trade Cart |
| 20:11 | Create | Villager (Male) |
| 20:18 | Research | Bow Saw |
| 20:31 | Research | Heavy Plow |
| 20:37 | Create | Villager (Male) |
| 20:59 | Research | Wheelbarrow |
| 21:11 | Build | Farm |
| 21:12 | Build | Farm |
| 21:13 | Build | Farm |
| 21:14 | Build | Farm |
| 21:16 | Create | Villager (Male) |
| 21:32 | Create | Villager (Male) |
| 21:40 | Build | Farm |
| 21:41 | Build | Farm |
| 21:42 | Build | Farm |
| 21:45 | Create | Villager (Male) |
| 21:47 | Create | Villager (Male) |
| 22:06 | Build | Farm |
| 22:09 | Create | Villager (Male) |
| 22:12 | Create | Villager (Male) |
| 22:20 | Create | Trade Cart |
| 22:37 | Create | Villager (Male) |
| 22:45 | Create | Villager (Male) |
| 22:51 | Research | Stone Mining |
| 23:20 | Build | Town Center |
| 23:22 | Create | Villager (Male) |
| 23:27 | Create | Villager (Male) |
| 23:41 | Research | Hand Cart |
| 23:48 | Create | Villager (Male) |
| 24:00 | Create | Villager (Male) |
| 24:14 | Create | Villager (Male) |
| 24:18 | Create | Trade Cart |
| 24:46 | Create | Villager (Male) |
| 24:49 | Create | Villager (Male) |
| 24:53 | Build | Farm |
| 24:54 | Build | Farm |
| 24:55 | Build | Farm |
| 24:56 | Build | Farm |
| 25:01 | Build | Farm |
| 25:04 | Create | Villager (Male) |
| 25:06 | Create | Villager (Male) |
| 25:18 | Build | Town Center |
| 25:32 | Build | Town Center |
| 25:39 | Create | Villager (Male) |
| 25:42 | Create | Villager (Male) |
| 25:45 | Research | Gold Mining |
| 25:47 | Create | Villager (Male) |
| 25:53 | Create | Villager (Male) |
| 26:02 | Create | Villager (Male) |
| 26:07 | Create | Villager (Male) |
| 26:09 | Create | Villager (Male) |
| 26:13 | Build | Farm |
| 26:15 | Build | Farm |
| 26:24 | Create | Villager (Male) |
| 26:31 | Build | Lumber Camp |
| 26:35 | Create | Villager (Male) |
| 26:38 | Create | Villager (Male) |
| 26:41 | Build | Farm |
| 26:42 | Build | Farm |
| 26:44 | Build | Farm |
| 26:45 | Build | Farm |
| 26:52 | Build | Farm |
| 26:54 | Build | Farm |
| 27:00 | Create | Villager (Male) |
| 27:03 | Create | Villager (Male) |
| 27:05 | Create | Villager (Male) |
| 27:06 | Create | Villager (Male) |
| 27:08 | Create | Villager (Male) |
| 27:09 | Create | Villager (Male) |
| 27:12 | Build | Farm |
| 27:13 | Build | Farm |
| 27:19 | Create | Villager (Male) |
| 27:25 | Create | Villager (Male) |
| 27:33 | Build | House |
| 27:34 | Build | House |
| 27:35 | Build | House |
| 27:36 | Build | House |
| 27:37 | Build | House |
| 27:41 | Create | Villager (Male) |
| 27:43 | Create | Villager (Male) |
| 27:46 | Create | Villager (Male) |
| 27:51 | Build | Farm |
| 27:52 | Build | Farm |
| 27:59 | Build | Farm |
| 28:00 | Create | Villager (Male) |
| 28:02 | Create | Villager (Male) |
| 28:05 | Create | Villager (Male) |
| 28:06 | Create | Villager (Male) |
| 28:08 | Create | Villager (Male) |
| 28:14 | Research | Stone Shaft Mining |
Build order — 派大星
First 150 of 449 actions detected
| 0:04 | Create | Villager (Male) ×4 |
| 0:07 | Build | Mill |
| 0:12 | Build | House |
| 0:17 | Build | House |
| 1:47 | Create | Villager (Male) |
| 1:47 | Create | Villager (Male) |
| 2:09 | Create | Villager (Male) |
| 2:09 | Create | Villager (Male) |
| 2:09 | Create | Villager (Male) |
| 2:10 | Create | Villager (Male) |
| 2:31 | Create | Villager (Male) |
| 2:36 | Build | Lumber Camp |
| 3:18 | Create | Villager (Male) |
| 3:18 | Create | Villager (Male) |
| 3:36 | Create | Villager (Male) |
| 3:36 | Create | Villager (Male) |
| 3:49 | Build | House |
| 3:52 | Create | Villager (Male) |
| 4:33 | Create | Villager (Male) |
| 4:34 | Create | Villager (Male) |
| 4:34 | Create | Villager (Male) |
| 4:34 | Create | Villager (Male) |
| 5:24 | Create | Villager (Male) |
| 5:31 | Create | Villager (Male) |
| 5:32 | Create | Villager (Male) |
| 5:49 | Build | Mill |
| 6:49 | Create | Villager (Male) |
| 6:50 | Create | Villager (Male) |
| 6:50 | Create | Villager (Male) |
| 6:50 | Create | Villager (Male) |
| 6:54 | Create | Villager (Male) |
| 7:20 | Build | House |
| 7:25 | Create | Villager (Male) |
| 7:25 | Create | Villager (Male) |
| 7:42 | Create | Villager (Male) |
| 7:42 | Create | Villager (Male) |
| 7:54 | Create | Villager (Male) |
| 7:55 | Create | Villager (Male) |
| 7:55 | Create | Villager (Male) |
| 8:50 | Create | Villager (Male) |
| 8:51 | Create | Villager (Male) |
| 8:51 | Create | Villager (Male) |
| 9:07 | Create | Villager (Male) |
| 9:23 | Build | Mill |
| 9:29 | Build | House |
| 9:39 | Build | Farm |
| 9:42 | Build | Farm |
| 10:18 | Build | Farm |
| 10:49 | Build | Mill |
| 10:51 | Create | Villager (Male) |
| 11:08 | Build | Mill |
| 11:17 | Create | Villager (Male) |
| 11:21 | Research | Feudal Age |
| 11:28 | Build | Mining Camp |
| 11:34 | Create | Villager (Male) |
| 11:35 | Create | Villager (Male) |
| 12:05 | Create | Villager (Male) |
| 13:34 | Age | Feudal Age |
| 13:37 | Build | Blacksmith |
| 13:41 | Build | Market |
| 14:34 | Research | Castle Age |
| 14:35 | Research | Castle Age |
| 14:54 | Research | Double-Bit Axe |
| 14:55 | Research | Double-Bit Axe |
| 15:05 | Build | Mining Camp |
| 15:15 | Build | Mining Camp |
| 15:26 | Build | House |
| 15:32 | Build | House |
| 15:51 | Research | Horse Collar |
| 15:54 | Build | Farm |
| 17:14 | Age | Castle Age |
| 17:18 | Build | Town Center |
| 17:21 | Build | Town Center |
| 17:24 | Build | Town Center |
| 17:30 | Build | Town Center |
| 17:52 | Create | Villager (Male) |
| 17:53 | Create | Villager (Male) |
| 17:53 | Create | Villager (Male) |
| 17:53 | Create | Villager (Male) |
| 18:24 | Build | Farm |
| 18:46 | Create | Villager (Male) |
| 18:46 | Create | Villager (Male) |
| 18:47 | Create | Villager (Male) |
| 18:48 | Create | Villager (Male) ×4 |
| 18:54 | Build | Farm |
| 19:03 | Build | Farm |
| 19:03 | Build | Farm |
| 19:04 | Build | Farm |
| 19:11 | Create | Villager (Male) |
| 19:16 | Build | Farm |
| 19:23 | Build | Farm |
| 19:28 | Build | Farm |
| 19:34 | Build | Farm |
| 19:44 | Build | Farm |
| 19:47 | Create | Villager (Male) |
| 19:50 | Build | Farm |
| 20:02 | Create | Villager (Male) |
| 20:16 | Build | Farm |
| 20:19 | Build | Farm |
| 20:20 | Create | Villager (Male) |
| 20:21 | Create | Villager (Male) |
| 20:23 | Build | Farm |
| 20:27 | Build | Farm |
| 20:29 | Create | Villager (Male) |
| 20:39 | Build | Farm |
| 20:41 | Create | Villager (Male) |
| 20:41 | Create | Villager (Male) |
| 20:59 | Create | Villager (Male) |
| 20:59 | Create | Villager (Male) |
| 21:03 | Build | Farm |
| 21:06 | Create | Villager (Male) |
| 21:06 | Create | Villager (Male) |
| 21:23 | Create | Villager (Male) ×2 |
| 21:29 | Build | Farm |
| 21:33 | Build | Farm |
| 21:35 | Build | Farm |
| 21:37 | Create | Villager (Male) ×2 |
| 21:40 | Build | Farm |
| 21:48 | Create | Villager (Male) |
| 21:49 | Create | Villager (Male) |
| 21:58 | Build | Farm |
| 21:59 | Build | Farm |
| 22:02 | Build | Farm |
| 22:04 | Build | Farm |
| 22:07 | Build | Farm |
| 22:12 | Create | Villager (Male) |
| 22:12 | Create | Villager (Male) |
| 22:12 | Create | Villager (Male) |
| 22:15 | Build | House |
| 22:33 | Build | House |
| 22:38 | Research | Bow Saw |
| 22:41 | Research | Heavy Plow |
| 22:51 | Build | Farm |
| 23:13 | Build | Town Center |
| 23:19 | Create | Villager (Male) ×5 |
| 23:21 | Create | Villager (Male) ×3 |
| 23:32 | Create | Villager (Male) ×2 |
| 23:32 | Create | Villager (Male) ×2 |
| 23:36 | Build | House |
| 23:57 | Build | Mining Camp |
| 24:01 | Build | Monastery |
| 24:05 | Create | Villager (Male) |
| 24:05 | Create | Villager (Male) |
| 24:08 | Build | Farm |
| 24:10 | Build | Farm |
| 24:21 | Build | University |
| 24:23 | Create | Villager (Male) ×5 |
| 24:24 | Create | Villager (Male) ×3 |
| 24:24 | Create | Villager (Male) ×3 |
| 24:27 | Build | Farm |
Build order — Vrazea
141 actions detected in the replay
| 2:09 | Create | Villager (Male) |
| 2:09 | Create | Villager (Male) |
| 2:10 | Research | Loom |
| 2:44 | Build | House |
| 3:12 | Build | House |
| 4:08 | Build | Palisade Wall |
| 4:27 | Create | Villager (Male) |
| 4:27 | Create | Villager (Male) |
| 4:45 | Build | Mill |
| 5:08 | Build | Lumber Camp |
| 6:00 | Build | Palisade Wall |
| 7:15 | Create | Villager (Male) |
| 7:16 | Create | Villager (Male) |
| 8:23 | Create | Villager (Male) |
| 8:23 | Create | Villager (Male) |
| 9:32 | Build | Mining Camp |
| 9:55 | Build | Outpost |
| 10:04 | Create | Villager (Male) |
| 10:04 | Create | Villager (Male) |
| 10:22 | Build | House |
| 13:03 | Research | Feudal Age |
| 14:59 | Build | Barracks |
| 15:22 | Create | Villager (Male) |
| 16:02 | Build | House |
| 16:34 | Build | Farm |
| 17:00 | Build | Market |
| 17:38 | Build | House |
| 17:43 | Create | Villager (Male) |
| 17:43 | Create | Villager (Male) |
| 17:43 | Create | Villager (Male) |
| 17:43 | Create | Villager (Male) |
| 17:43 | Create | Villager (Male) |
| 17:53 | Build | Farm |
| 17:59 | Build | Farm |
| 18:11 | Build | Farm |
| 18:26 | Build | House |
| 18:43 | Build | Farm |
| 19:08 | Build | Farm |
| 19:50 | Build | Farm |
| 19:57 | Build | Farm |
| 20:09 | Build | Farm |
| 20:17 | Create | Villager (Male) |
| 20:23 | Research | Wheelbarrow |
| 21:09 | Build | Market |
| 23:29 | Create | Trade Cart |
| 23:54 | Create | Villager (Male) |
| 23:54 | Create | Villager (Male) |
| 23:55 | Create | Villager (Male) |
| 25:03 | Create | Trade Cart |
| 26:43 | Build | Blacksmith |
| 27:51 | Research | Castle Age |
| 28:04 | Research | Forging |
| 28:24 | Create | Villager (Male) |
| 28:24 | Create | Villager (Male) |
| 28:25 | Create | Villager (Male) |
| 28:25 | Create | Villager (Male) |
| 28:31 | Create | Villager (Male) |
| 28:35 | Create | Villager (Male) |
| 28:35 | Create | Villager (Male) |
| 31:21 | Build | Stone Wall |
| 31:42 | Build | Mining Camp |
| 32:11 | Build | Monastery |
| 33:09 | Build | Castle |
| 33:13 | Create | Monk |
| 35:19 | Create | Teutonic Knight |
| 35:21 | Create | Teutonic Knight |
| 35:22 | Create | Teutonic Knight |
| 35:23 | Create | Teutonic Knight |
| 35:24 | Create | Teutonic Knight |
| 35:25 | Create | Teutonic Knight |
| 35:26 | Create | Teutonic Knight |
| 35:26 | Create | Teutonic Knight |
| 35:27 | Create | Teutonic Knight |
| 35:56 | Build | Gate |
| 36:32 | Build | House |
| 36:38 | Build | House |
| 36:44 | Build | House |
| 36:51 | Build | House |
| 37:10 | Research | Coinage |
| 37:23 | Create | Trade Cart |
| 37:24 | Create | Trade Cart |
| 39:00 | Build | Stable |
| 39:19 | Build | Archery Range |
| 39:29 | Research | Squires |
| 39:31 | Create | Spearman |
| 39:32 | Create | Spearman |
| 39:34 | Create | Militia |
| 39:35 | Create | Militia |
| 39:35 | Create | Militia |
| 39:35 | Create | Militia |
| 39:36 | Create | Militia |
| 39:36 | Create | Militia |
| 42:31 | Build | Farm |
| 42:36 | Build | Farm |
| 43:49 | Create | Teutonic Knight |
| 43:49 | Create | Teutonic Knight |
| 43:50 | Create | Teutonic Knight |
| 43:50 | Create | Teutonic Knight |
| 43:50 | Create | Teutonic Knight |
| 43:51 | Create | Teutonic Knight |
| 43:51 | Create | Teutonic Knight |
| 43:51 | Create | Teutonic Knight |
| 43:51 | Create | Teutonic Knight |
| 43:51 | Create | Teutonic Knight |
| 43:52 | Create | Teutonic Knight |
| 43:52 | Create | Teutonic Knight |
| 43:52 | Create | Teutonic Knight |
| 43:59 | Create | Scout Cavalry |
| 43:59 | Create | Scout Cavalry |
| 44:22 | Create | Knight |
| 44:22 | Create | Knight |
| 44:23 | Create | Knight |
| 45:48 | Create | Teutonic Knight |
| 45:48 | Create | Teutonic Knight |
| 45:48 | Create | Teutonic Knight |
| 45:48 | Create | Teutonic Knight |
| 46:31 | Create | Cavalry Archer |
| 46:32 | Create | Cavalry Archer |
| 46:32 | Create | Cavalry Archer |
| 46:32 | Create | Cavalry Archer |
| 46:33 | Create | Cavalry Archer |
| 47:05 | Create | Teutonic Knight |
| 47:05 | Create | Teutonic Knight |
| 47:05 | Create | Teutonic Knight |
| 47:07 | Create | Teutonic Knight |
| 47:07 | Create | Teutonic Knight |
| 47:20 | Create | Villager (Male) |
| 47:21 | Create | Villager (Male) |
| 47:21 | Create | Villager (Male) |
| 47:21 | Create | Villager (Male) |
| 47:21 | Create | Villager (Male) |
| 47:51 | Build | House |
| 47:58 | Build | House |
| 48:22 | Build | House |
| 48:28 | Build | House |
| 48:36 | Research | Scale Barding Armor |
| 50:24 | Build | Stone Wall |
| 50:49 | Create | Teutonic Knight |
| 50:49 | Create | Teutonic Knight |
| 50:50 | Create | Teutonic Knight |
| 51:24 | Build | Stone Wall |
Build order — Danke Bandung
First 150 of 271 actions detected
| 0:02 | Create | Villager (Male) |
| 0:02 | Create | Villager (Male) |
| 0:03 | Create | Villager (Male) |
| 0:03 | Create | Villager (Male) |
| 0:04 | Build | House |
| 0:06 | Build | House |
| 1:05 | Research | Loom |
| 1:08 | Create | Villager (Male) |
| 1:32 | Build | Palisade Wall |
| 1:45 | Create | Villager (Male) |
| 2:08 | Build | Palisade Wall |
| 3:07 | Build | Palisade Wall |
| 3:11 | Create | Villager (Male) |
| 3:11 | Create | Villager (Male) |
| 3:27 | Build | Palisade Wall |
| 3:52 | Create | Villager (Male) |
| 4:35 | Create | Villager (Male) |
| 5:51 | Build | Mill |
| 6:42 | Build | Palisade Wall |
| 6:46 | Create | Villager (Male) |
| 6:46 | Create | Villager (Male) |
| 6:46 | Create | Villager (Male) |
| 7:35 | Build | House |
| 7:47 | Create | Villager (Male) |
| 7:47 | Create | Villager (Male) |
| 7:48 | Create | Villager (Male) |
| 7:55 | Build | Palisade Wall |
| 8:18 | Create | Villager (Male) |
| 8:24 | Build | Palisade Wall |
| 8:48 | Create | Villager (Male) |
| 9:21 | Build | House |
| 9:24 | Build | House |
| 9:26 | Build | House |
| 9:36 | Build | Lumber Camp |
| 9:56 | Create | Villager (Male) |
| 10:31 | Create | Villager (Male) |
| 10:31 | Create | Villager (Male) |
| 10:32 | Create | Villager (Male) |
| 11:43 | Research | Feudal Age |
| 12:12 | Create | Villager (Male) |
| 12:13 | Create | Villager (Male) |
| 12:49 | Build | Mining Camp |
| 13:56 | Age | Feudal Age |
| 14:00 | Create | Villager (Male) |
| 14:00 | Create | Villager (Male) |
| 15:38 | Create | Villager (Male) |
| 15:38 | Create | Villager (Male) |
| 15:55 | Build | Market |
| 16:01 | Build | Blacksmith |
| 16:39 | Create | Villager (Male) |
| 16:56 | Research | Castle Age |
| 17:34 | Create | Villager (Male) |
| 17:48 | Build | Mining Camp |
| 18:05 | Build | Farm |
| 18:06 | Build | Farm |
| 18:07 | Build | Farm |
| 18:41 | Research | Double-Bit Axe |
| 18:43 | Research | Stone Mining |
| 19:32 | Build | House |
| 19:34 | Build | House |
| 19:35 | Build | House |
| 19:36 | Build | House |
| 19:37 | Build | House |
| 19:44 | Age | Castle Age |
| 19:47 | Create | Villager (Male) |
| 20:09 | Build | Town Center |
| 20:24 | Build | Town Center |
| 21:02 | Create | Villager (Male) |
| 21:02 | Create | Villager (Male) |
| 21:11 | Create | Villager (Male) |
| 21:11 | Create | Villager (Male) |
| 21:19 | Build | Farm |
| 21:20 | Build | Farm |
| 21:30 | Build | Farm |
| 21:31 | Build | Farm |
| 21:35 | Build | Farm |
| 21:53 | Create | Villager (Male) ×2 |
| 22:16 | Create | Villager (Male) |
| 22:24 | Build | Farm |
| 22:34 | Build | Farm |
| 22:36 | Build | Farm |
| 22:40 | Create | Villager (Male) |
| 22:44 | Create | Villager (Male) |
| 22:44 | Create | Villager (Male) |
| 22:51 | Build | Farm |
| 22:53 | Build | Farm |
| 22:54 | Build | Farm |
| 23:03 | Build | Farm |
| 23:07 | Build | Farm |
| 23:12 | Build | Farm |
| 23:15 | Build | Farm |
| 23:21 | Create | Villager (Male) ×2 |
| 23:31 | Create | Villager (Male) |
| 23:31 | Create | Villager (Male) |
| 23:50 | Create | Villager (Male) ×2 |
| 24:09 | Build | Castle |
| 24:16 | Build | Barracks |
| 24:26 | Build | Farm |
| 24:27 | Build | Farm |
| 24:30 | Build | Farm |
| 24:31 | Build | Farm |
| 24:32 | Build | Farm |
| 24:33 | Build | Farm |
| 24:36 | Create | Villager (Male) |
| 24:36 | Create | Villager (Male) |
| 24:39 | Create | Villager (Male) ×3 |
| 24:45 | Build | Farm |
| 24:56 | Build | Farm |
| 25:13 | Create | Villager (Male) ×5 |
| 25:33 | Build | Stable |
| 25:42 | Create | Villager (Male) ×3 |
| 25:58 | Build | Town Center |
| 26:08 | Create | Villager (Male) ×4 |
| 26:34 | Build | Farm |
| 26:50 | Build | Mill |
| 26:55 | Build | Farm |
| 26:56 | Build | Farm |
| 26:58 | Build | Farm |
| 26:59 | Build | Farm |
| 27:01 | Build | Farm |
| 27:04 | Build | Farm |
| 27:11 | Create | Villager (Male) |
| 27:12 | Create | Villager (Male) |
| 27:14 | Create | Villager (Male) |
| 27:15 | Create | Villager (Male) |
| 27:18 | Create | Villager (Male) |
| 27:18 | Create | Villager (Male) |
| 27:40 | Build | Farm |
| 27:41 | Build | Farm |
| 27:43 | Build | Farm |
| 27:44 | Build | Farm |
| 27:51 | Create | Villager (Male) ×5 |
| 27:51 | Create | Villager (Male) ×5 |
| 27:52 | Create | Villager (Male) ×2 |
| 27:59 | Build | Farm |
| 28:00 | Build | Farm |
| 28:01 | Build | Farm |
| 28:02 | Build | Farm |
| 28:04 | Build | Farm |
| 28:25 | Build | Farm |
| 28:40 | Research | Bow Saw |
| 28:45 | Research | Wheelbarrow |
| 28:46 | Create | Villager (Male) |
| 29:02 | Build | Stable |
| 29:04 | Build | Stable |
| 29:05 | Build | Stable |
| 29:09 | Build | Stable |
| 29:31 | Create | Villager (Male) ×5 |
| 29:54 | Build | Castle |
| 30:07 | Create | Throwing Axeman |
Build order — King
79 actions detected in the replay
| 0:16 | Build | House |
| 0:17 | Build | House |
| 0:18 | Build | House |
| 0:25 | Create | Villager (Male) |
| 0:25 | Create | Villager (Male) |
| 0:25 | Create | Villager (Male) |
| 0:26 | Research | Loom |
| 0:26 | Create | Villager (Male) |
| 1:33 | Create | Villager (Male) |
| 2:20 | Create | Villager (Male) |
| 3:23 | Create | Villager (Male) |
| 3:23 | Create | Villager (Male) |
| 3:24 | Create | Villager (Male) |
| 3:47 | Create | Villager (Male) |
| 4:56 | Create | Villager (Male) |
| 5:22 | Build | Palisade Wall |
| 5:54 | Build | Palisade Wall |
| 6:04 | Build | Palisade Wall |
| 6:11 | Create | Villager (Male) |
| 6:11 | Create | Villager (Male) |
| 6:12 | Create | Villager (Male) |
| 6:51 | Build | Palisade Wall |
| 7:20 | Build | Mill |
| 7:23 | Create | Villager (Male) |
| 7:23 | Create | Villager (Male) |
| 7:23 | Create | Villager (Male) |
| 7:23 | Create | Villager (Male) |
| 7:49 | Build | House |
| 7:50 | Build | House |
| 7:51 | Build | House |
| 7:54 | Build | House |
| 8:05 | Create | Villager (Male) |
| 8:12 | Build | Lumber Camp |
| 8:26 | Build | House |
| 8:28 | Build | House |
| 8:29 | Build | House |
| 9:08 | Build | Farm |
| 9:22 | Create | Villager (Male) |
| 9:58 | Build | House |
| 10:04 | Create | Villager (Male) |
| 10:11 | Build | Farm |
| 10:12 | Build | Farm |
| 10:20 | Create | Villager (Male) |
| 10:20 | Create | Villager (Male) ×2 |
| 10:21 | Create | Villager (Male) ×2 |
| 10:43 | Create | Villager (Male) |
| 11:02 | Create | Villager (Male) |
| 11:23 | Build | Palisade Wall |
| 11:37 | Build | Farm |
| 12:05 | Build | Palisade Wall |
| 12:06 | Build | Palisade Wall |
| 12:17 | Build | Farm |
| 12:20 | Create | Villager (Male) |
| 12:20 | Create | Villager (Male) |
| 12:56 | Build | Mill |
| 13:12 | Research | Feudal Age |
| 13:30 | Build | Mining Camp |
| 13:33 | Create | Villager (Male) |
| 13:34 | Create | Villager (Male) |
| 13:34 | Create | Villager (Male) |
| 13:45 | Build | Mining Camp |
| 13:54 | Create | Villager (Male) |
| 14:19 | Create | Villager (Male) |
| 14:35 | Create | Villager (Male) |
| 15:11 | Create | Villager (Male) |
| 15:34 | Age | Feudal Age |
| 15:38 | Build | Stone Wall |
| 15:47 | Build | Stone Wall |
| 16:02 | Build | Market |
| 16:06 | Build | Blacksmith |
| 16:12 | Research | Horse Collar |
| 16:14 | Research | Gold Mining |
| 17:18 | Build | Stone Wall |
| 18:18 | Research | Castle Age |
| 18:34 | Build | Mill |
| 18:39 | Research | Stone Mining |
| 18:42 | Research | Double-Bit Axe |
| 19:03 | Build | Stone Wall |
| 19:13 | Create | Trade Cart |
Build order — Komiendodetubok
First 150 of 375 actions detected
| 0:05 | Create | Villager (Male) |
| 0:06 | Research | Loom |
| 0:07 | Create | Villager (Male) |
| 0:07 | Create | Villager (Male) |
| 0:07 | Create | Villager (Male) |
| 0:07 | Create | Villager (Male) |
| 0:08 | Create | Villager (Male) |
| 0:08 | Create | Villager (Male) |
| 0:20 | Build | House |
| 0:21 | Build | House |
| 0:21 | Build | House |
| 0:22 | Build | House |
| 2:10 | Build | Lumber Camp |
| 2:14 | Create | Villager (Male) |
| 2:54 | Create | Villager (Male) |
| 2:54 | Create | Villager (Male) |
| 3:27 | Create | Villager (Male) |
| 3:27 | Create | Villager (Male) |
| 4:02 | Create | Villager (Male) |
| 4:07 | Create | Villager (Male) |
| 5:47 | Create | Villager (Male) |
| 5:47 | Create | Villager (Male) |
| 5:48 | Create | Villager (Male) |
| 5:55 | Build | Mill |
| 7:10 | Create | Villager (Male) |
| 7:10 | Create | Villager (Male) |
| 8:18 | Research | Feudal Age |
| 9:18 | Create | Villager (Male) |
| 10:28 | Create | Villager (Male) |
| 10:28 | Create | Villager (Male) |
| 10:31 | Research | Double-Bit Axe |
| 11:06 | Build | House |
| 11:07 | Build | House |
| 11:35 | Create | Villager (Male) |
| 11:35 | Create | Villager (Male) |
| 12:24 | Build | Market |
| 12:29 | Create | Villager (Male) |
| 12:29 | Create | Villager (Male) |
| 12:47 | Research | Horse Collar |
| 13:08 | Create | Villager (Male) |
| 13:10 | Create | Villager (Male) |
| 13:20 | Build | Mining Camp |
| 13:48 | Create | Villager (Male) |
| 13:48 | Create | Villager (Male) |
| 13:58 | Research | Gold Mining |
| 14:19 | Build | Blacksmith |
| 14:29 | Build | Farm |
| 14:30 | Build | Farm |
| 14:31 | Build | Farm |
| 14:32 | Build | Farm |
| 14:34 | Build | Farm |
| 14:46 | Create | Villager (Male) |
| 14:46 | Create | Villager (Male) |
| 14:52 | Build | Farm |
| 14:53 | Build | Farm |
| 14:55 | Build | Farm |
| 14:59 | Build | Farm |
| 15:01 | Build | Farm |
| 15:03 | Build | Farm |
| 15:16 | Build | House |
| 15:17 | Build | House |
| 15:18 | Build | House |
| 15:35 | Build | Farm |
| 15:40 | Build | Farm |
| 15:46 | Create | Villager (Male) |
| 15:46 | Create | Villager (Male) |
| 16:09 | Build | Farm |
| 16:11 | Build | Farm |
| 16:24 | Build | Farm |
| 16:31 | Create | Villager (Male) |
| 16:32 | Create | Villager (Male) |
| 16:53 | Build | Farm |
| 16:55 | Build | Farm |
| 16:56 | Build | Farm |
| 17:26 | Create | Villager (Male) |
| 17:26 | Create | Villager (Male) |
| 17:33 | Build | Farm |
| 17:36 | Build | Farm |
| 17:38 | Build | Farm |
| 17:40 | Build | Farm |
| 18:06 | Build | Farm |
| 18:28 | Build | Farm |
| 19:12 | Research | Castle Age |
| 19:51 | Create | Trade Cart |
| 20:32 | Create | Villager (Male) |
| 20:33 | Create | Villager (Male) |
| 20:33 | Create | Villager (Male) |
| 20:33 | Create | Villager (Male) |
| 21:16 | Create | Trade Cart |
| 21:44 | Build | Town Center |
| 21:56 | Build | Town Center |
| 22:30 | Create | Villager (Male) |
| 22:30 | Create | Villager (Male) |
| 23:00 | Create | Villager (Male) |
| 23:01 | Create | Villager (Male) |
| 23:01 | Create | Villager (Male) |
| 23:01 | Create | Villager (Male) |
| 23:02 | Create | Villager (Male) |
| 23:14 | Create | Villager (Male) |
| 23:14 | Create | Villager (Male) |
| 23:14 | Create | Villager (Male) |
| 23:25 | Create | Villager (Male) |
| 23:25 | Create | Villager (Male) |
| 23:25 | Create | Villager (Male) |
| 23:25 | Create | Villager (Male) |
| 23:55 | Build | Monastery |
| 24:03 | Build | University |
| 24:28 | Research | Gold Shaft Mining |
| 24:35 | Create | Villager (Male) |
| 24:35 | Create | Villager (Male) |
| 24:35 | Create | Villager (Male) |
| 24:52 | Create | Villager (Male) |
| 24:52 | Create | Villager (Male) |
| 25:05 | Create | Villager (Male) |
| 25:05 | Create | Villager (Male) |
| 25:05 | Create | Villager (Male) |
| 25:06 | Create | Villager (Male) |
| 25:22 | Build | House |
| 25:23 | Build | House |
| 25:24 | Build | House |
| 25:25 | Build | House |
| 25:32 | Research | Heavy Plow |
| 25:40 | Create | Monk |
| 25:56 | Research | Wheelbarrow |
| 26:04 | Research | Bow Saw |
| 26:40 | Research | Town Watch |
| 26:49 | Build | Mining Camp |
| 26:55 | Research | Stone Mining |
| 27:04 | Build | House |
| 27:06 | Build | House |
| 27:08 | Build | House |
| 27:09 | Build | House |
| 27:14 | Research | Imperial Age |
| 27:31 | Create | Monk |
| 27:55 | Research | Stone Shaft Mining |
| 28:05 | Create | Trade Cart |
| 28:05 | Create | Trade Cart |
| 28:13 | Create | Villager (Male) |
| 28:15 | Create | Villager (Male) |
| 28:15 | Create | Villager (Male) |
| 28:16 | Create | Villager (Male) |
| 28:16 | Create | Villager (Male) |
| 28:24 | Create | Villager (Male) |
| 28:24 | Create | Villager (Male) |
| 28:24 | Create | Villager (Male) |
| 28:24 | Create | Villager (Male) |
| 28:25 | Create | Villager (Male) |
| 28:25 | Create | Villager (Male) |
| 28:47 | Build | House |
| 28:49 | Build | House |
Build order — ae016
First 150 of 578 actions detected
| 0:04 | Build | House |
| 0:05 | Build | House |
| 0:07 | Create | Villager (Male) ×4 |
| 0:08 | Research | Loom |
| 1:14 | Build | Lumber Camp |
| 1:37 | Create | Villager (Male) |
| 1:54 | Build | House |
| 1:56 | Build | House |
| 2:10 | Create | Villager (Male) |
| 2:10 | Create | Villager (Male) |
| 2:53 | Create | Villager (Male) |
| 2:53 | Create | Villager (Male) |
| 3:08 | Create | Villager (Male) |
| 3:32 | Create | Villager (Male) |
| 4:11 | Create | Villager (Male) |
| 4:11 | Create | Villager (Male) |
| 4:35 | Create | Villager (Male) |
| 5:38 | Create | Villager (Male) |
| 5:38 | Create | Villager (Male) |
| 5:39 | Create | Villager (Male) |
| 5:39 | Create | Villager (Male) |
| 6:04 | Build | Mill |
| 6:29 | Build | Lumber Camp |
| 6:34 | Create | Villager (Male) |
| 6:34 | Create | Villager (Male) |
| 6:34 | Create | Villager (Male) |
| 6:35 | Create | Villager (Male) |
| 7:17 | Create | Villager (Male) ×2 |
| 7:51 | Create | Villager (Male) |
| 7:51 | Create | Villager (Male) |
| 7:51 | Create | Villager (Male) |
| 7:52 | Create | Villager (Male) |
| 7:52 | Create | Villager (Male) |
| 7:52 | Create | Villager (Male) |
| 7:56 | Build | Mill |
| 8:03 | Create | Villager (Male) |
| 8:03 | Create | Villager (Male) |
| 8:04 | Create | Villager (Male) |
| 8:32 | Build | Palisade Wall |
| 8:47 | Create | Villager (Male) |
| 9:52 | Build | Barracks |
| 10:14 | Build | Mining Camp |
| 10:18 | Build | House |
| 10:22 | Build | House |
| 10:25 | Build | House |
| 10:29 | Build | House |
| 10:34 | Build | House |
| 11:31 | Research | Feudal Age |
| 11:44 | Build | Mill |
| 11:52 | Build | Mining Camp |
| 12:52 | Create | Villager (Male) |
| 12:52 | Create | Villager (Male) |
| 13:16 | Create | Villager (Male) |
| 13:47 | Build | House |
| 14:12 | Age | Feudal Age |
| 14:17 | Build | Market |
| 14:24 | Build | Blacksmith |
| 14:29 | Research | Double-Bit Axe |
| 14:31 | Research | Horse Collar |
| 15:21 | Build | Farm |
| 15:21 | Build | Farm |
| 15:21 | Build | Farm |
| 15:21 | Build | Farm |
| 15:21 | Build | Farm |
| 15:22 | Build | Farm |
| 15:22 | Build | Farm |
| 15:22 | Build | Farm |
| 15:22 | Build | Farm |
| 15:23 | Build | Farm |
| 15:23 | Build | Farm |
| 15:23 | Build | Farm |
| 15:27 | Build | Farm |
| 16:03 | Research | Castle Age |
| 16:45 | Build | House |
| 16:48 | Build | House |
| 16:49 | Build | House |
| 16:50 | Build | House |
| 16:51 | Build | House |
| 16:52 | Build | House |
| 16:53 | Build | House |
| 16:54 | Build | House |
| 16:55 | Build | House |
| 16:55 | Build | House |
| 16:56 | Build | House |
| 16:57 | Build | House |
| 16:58 | Build | House |
| 16:59 | Build | House |
| 17:00 | Build | House |
| 17:01 | Build | House |
| 17:01 | Build | House |
| 17:23 | Research | Gold Mining |
| 18:18 | Create | Villager (Male) ×5 |
| 18:43 | Age | Castle Age |
| 18:52 | Build | Town Center |
| 18:58 | Research | Bow Saw |
| 19:53 | Create | Villager (Male) ×5 |
| 19:58 | Research | Heavy Plow |
| 20:36 | Build | Town Center |
| 20:43 | Create | Villager (Male) ×5 |
| 21:22 | Research | Wheelbarrow |
| 21:44 | Build | Mining Camp |
| 21:47 | Research | Stone Mining |
| 21:49 | Research | Gold Shaft Mining |
| 22:11 | Create | Villager (Male) ×5 |
| 22:28 | Build | Mining Camp |
| 22:32 | Research | Stone Shaft Mining |
| 22:39 | Create | Villager (Male) ×4 |
| 22:51 | Build | Farm |
| 22:52 | Build | Farm |
| 22:52 | Build | Farm |
| 22:52 | Build | Farm |
| 22:52 | Build | Farm |
| 22:52 | Build | Farm |
| 23:04 | Create | Villager (Male) ×4 |
| 23:04 | Create | Villager (Male) ×4 |
| 23:04 | Create | Villager (Male) ×4 |
| 23:28 | Build | Siege Workshop |
| 23:40 | Create | Villager (Male) ×2 |
| 23:40 | Create | Villager (Male) ×2 |
| 23:41 | Create | Villager (Male) ×2 |
| 23:56 | Build | Town Center |
| 24:04 | Create | Villager (Male) ×2 |
| 24:04 | Create | Villager (Male) ×2 |
| 24:04 | Create | Villager (Male) |
| 24:13 | Build | House |
| 24:14 | Build | House |
| 24:15 | Build | House |
| 24:16 | Build | House |
| 24:16 | Build | House |
| 24:18 | Build | House |
| 24:19 | Build | House |
| 24:20 | Build | House |
| 24:41 | Research | Wheelbarrow |
| 24:52 | Create | Villager (Male) |
| 24:52 | Create | Villager (Male) |
| 25:00 | Create | Villager (Male) ×4 |
| 25:00 | Create | Villager (Male) ×4 |
| 25:23 | Research | Town Watch |
| 25:23 | Create | Villager (Male) |
| 25:23 | Create | Villager (Male) |
| 25:34 | Create | Villager (Male) |
| 25:41 | Build | Farm |
| 25:41 | Build | Farm |
| 25:41 | Build | Farm |
| 25:41 | Build | Farm |
| 25:42 | Build | Farm |
| 25:42 | Build | Farm |
| 25:42 | Build | Farm |
| 25:50 | Build | Farm |
| 25:50 | Build | Farm |
Match timeline
| 1:32 | Danke Bandung · wall_segment Palisade Wall x14 |
| 1:44 | Canberramilk offical · wall_segment Palisade Wall x1 |
| 1:46 | Canberramilk offical · wall_segment Palisade Wall x1 |
| 2:04 | Canberramilk offical · wall_segment Palisade Wall x7 |
| 2:08 | Danke Bandung · wall_segment Palisade Wall x15 |
| 2:40 | 鸿图小霸王 · wall_segment Palisade Wall x19 |
| 2:55 | Canberramilk offical · wall_segment Palisade Wall x11 |
| 3:07 | Danke Bandung · wall_segment Palisade Wall x14 |
| 3:27 | Danke Bandung · wall_segment Palisade Wall x15 |
| 4:08 | Vrazea · wall_segment Palisade Wall x7 |
| 4:26 | Canberramilk offical · wall_segment Palisade Wall x7 |
| 4:39 | Canberramilk offical · wall_segment Palisade Wall x1 |
| 4:45 | Canberramilk offical · wall_segment Palisade Wall x7 |
| 5:22 | King · wall_segment Palisade Wall x5 |
| 5:54 | King · wall_segment Palisade Wall x16 |
| 6:00 | Vrazea · wall_segment Palisade Wall x1 |
| 6:04 | King · wall_segment Palisade Wall x15 |
| 6:42 | Danke Bandung · wall_segment Palisade Wall x20 |
| 6:51 | King · wall_segment Palisade Wall x10 |
| 7:55 | Danke Bandung · wall_segment Palisade Wall x5 |
| 8:24 | Danke Bandung · wall_segment Palisade Wall x8 |
| 8:32 | ae016 · wall_segment Palisade Wall x1 |
| 9:02 | 鸿图小霸王 · wall_segment Palisade Wall x15 |
| 9:52 | ae016 · first_building Barracks |
| 11:23 | King · wall_segment Palisade Wall x13 |
| 12:05 | King · wall_segment Palisade Wall x14 |
| 12:06 | King · wall_segment Palisade Wall x1 |
| 13:34 | 派大星 · age_up feudal |
| 13:38 | Canberramilk offical · age_up feudal |
| 13:56 | Danke Bandung · age_up feudal |
| 14:12 | ae016 · age_up feudal |
| 14:38 | 鸿图小霸王 · age_up feudal |
| 14:59 | Vrazea · first_building Barracks |
| 15:16 | Canberramilk offical · wall_segment Palisade Wall x1 |
| 15:21 | Canberramilk offical · wall_segment Palisade Wall x5 |
| 15:34 | King · age_up feudal |
| 15:38 | King · wall_segment Stone Wall x14 |
| 15:47 | King · wall_segment Stone Wall x15 |
| 17:14 | 派大星 · age_up castle |
| 17:18 | King · wall_segment Stone Wall x14 |
| 17:33 | Canberramilk offical · age_up castle |
| 17:48 | Canberramilk offical · first_building Monastery |
| 18:43 | ae016 · age_up castle |
| 19:03 | King · wall_segment Stone Wall x13 |
| 19:31 | King · resign |
| 19:37 | 鸿图小霸王 · age_up castle |
| 19:44 | Danke Bandung · age_up castle |
| 20:29 | 鸿图小霸王 · first_market_buy 100 wood |
| 21:54 | ae016 · first_market_buy 500 food |
| 22:22 | Vrazea · first_market_buy 100 food |
| 22:34 | Vrazea · first_market_sell 100 wood |
| 22:41 | Canberramilk offical · first_market_buy 100 stone |
| 23:28 | ae016 · first_building Siege Workshop |
| 23:55 | Komiendodetubok · first_building Monastery |
| 24:01 | 派大星 · first_building Monastery |
| 24:09 | Danke Bandung · first_building Castle |
| 24:16 | Danke Bandung · first_building Barracks |
| 24:51 | Canberramilk offical · first_building Siege Workshop |
| 25:33 | Danke Bandung · first_building Stable |
| 26:28 | ae016 · wall_segment Stone Wall x17 |
| 27:33 | ae016 · first_building Monastery |
| 27:37 | Canberramilk offical · first_building Barracks |
| 29:41 | 鸿图小霸王 · first_building Castle |
| 30:17 | Canberramilk offical · age_up imperial |
| 30:21 | Danke Bandung · first_market_sell 500 stone |
| 30:51 | 派大星 · first_building Barracks |
| 31:21 | Vrazea · wall_segment Stone Wall x7 |
| 31:35 | 鸿图小霸王 · first_building Barracks |
| 31:35 | 派大星 · first_building Castle |
| 31:49 | ae016 · first_building Castle |
| 32:11 | Vrazea · first_building Monastery |
| 32:26 | 鸿图小霸王 · first_building Stable |
| 32:37 | ae016 · first_building Archery Range |
| 32:48 | 派大星 · age_up imperial |
| 33:05 | Komiendodetubok · first_building Siege Workshop |
| 33:09 | Vrazea · first_building Castle |
| 33:38 | Danke Bandung · age_up imperial |
| 33:59 | 派大星 · first_building Siege Workshop |
| 34:52 | 派大星 · first_building Archery Range |
| 35:04 | Komiendodetubok · first_building Barracks |
| 35:10 | 鸿图小霸王 · age_up imperial |
| 35:11 | 鸿图小霸王 · first_building Siege Workshop |
| 37:18 | Komiendodetubok · first_building Stable |
| 38:15 | ae016 · age_up imperial |
| 38:41 | Komiendodetubok · first_building Castle |
| 39:00 | Vrazea · first_building Stable |
| 39:19 | Vrazea · first_building Archery Range |
| 42:27 | ae016 · first_market_sell 500 wood |
| 45:29 | Canberramilk offical · wall_segment Stone Wall x9 |
| 46:03 | 鸿图小霸王 · first_building Archery Range |
| 46:21 | ae016 · first_building Stable |
| 48:19 | Canberramilk offical · first_market_sell 500 food |
| 48:27 | ae016 · wall_segment Stone Wall x21 |
| 50:24 | Vrazea · wall_segment Stone Wall x5 |
| 51:24 | Vrazea · wall_segment Stone Wall x8 |
[ AI ANALYSIS · 1 CREDIT ]
What really happened in this match?
Wolo.gg analyzes every decision: build order, eco, micro, common mistakes by bracket. Personalized analysis on WhatsApp or Discord in 30 seconds.
Civ guide
Bohemians
Perfil
Jugador #10010714